 Dungeon Crawl Stone Soup version 0.30-a0-900-g23479c02f2 (webtiles) character file.

Game seed: 11981637165840542489

66 jlumianski the Trooper (level 3, 0/43 HPs)
             Began as a Demonspawn Fighter on Mar 18, 2023.
             Slain by a hobgoblin (2 damage)
             ... on level 3 of the Dungeon.
             The game lasted 00:05:52 (1510 turns).

jlumianski the Trooper (Demonspawn Fighter)         Turns: 1510, Time: 00:05:53

Health: 0/43       AC: 21    Str: 22    XL:     3   Next: 96%
Magic:  3/3        EV: -1    Int:  8    God:
Gold:   40         SH: 10    Dex: 11    Spells: 2/2 levels left

rFire   . . .      SeeInvis .    a - +1 war axe
rCold   . . .      Faith    .    c - +1 buckler
rNeg    . . .      Spirit   .    b - melded +0 scale mail
rPois   +          Reflect  +    (helmet currently unavailable)
rElec   .          Rampage  .    (cloak currently unavailable)
rCorr   .          NoTele   +    (gloves currently unavailable)
Will    .....                    (boots currently unavailable)
Stlth   +                        y - amulet of reflection
HPRegen 0.27/turn                (no ring)
MPRegen 0.08/turn                (no ring)

@: mighty, tree-form, constricted
A: stationary, stasis, torment immunity, boosted hp, (sturdy frame 1),
deterioration 1, strong 1, MP-powered wands
a: no special abilities


You were on level 3 of the Dungeon.
You were a tree.
You visited 1 branch of the dungeon, and saw 4 of its levels.

You collected 67 gold pieces.
You spent 27 gold pieces at shops.

Inventory:

Hand Weapons
 a - a +1 war axe (weapon)
Missiles
 e - 6 stones
 k - 2 javelins
 u - 12 poisoned darts (quivered)
Armour
 b - a +0 scale mail (melded)
 c - a +1 buckler (worn)
Jewellery
 y - an amulet of reflection (around neck)
Scrolls
 f - a scroll of enchant weapon
 g - a scroll of enchant armour
 h - a scroll of blinking
 j - a scroll of fog {unknown}
 n - a scroll of amnesia {unknown}
 o - a scroll of brand weapon {unknown}
 q - a scroll of poison {unknown}
 s - a scroll of teleportation
 x - a scroll of vulnerability {unknown}
 z - a scroll of magic mapping {unknown}
Potions
 i - a potion of ambrosia {unknown}
 l - a potion of degeneration {unknown}
 m - a potion of lignification
 p - a potion of attraction
 r - a potion of mutation
 t - a potion of brilliance
 v - a potion of curing {unknown}
 w - a potion of invisibility


   Skills:
 + Level 3.3 Fighting
 + Level 2.5 Axes
 + Level 3.3 Armour
 + Level 0.3 Dodging
 + Level 0.2 Stealth
 + Level 2.9 Shields


You had 2 spell levels left.
You didn't know any spells.
Your spell library contained the following spells:

 Spells                   Type           Power      Damage    Failure   Level
 Sandblast                Erth           0%         2d4       50%         1
 Sting                    Tmut/Pois      0%         1d3       50%         1
 Passwall                 Tmut/Erth      0%         N/A       65%         2
 Poisonous Vapours        Pois/Air       0%         N/A       65%         2
 Stone Arrow              Conj/Erth      0%         3d7       86%         3
 Olgreb's Toxic Radiance  Pois           0%         N/A       99%         4


Dungeon Overview and Level Annotations

Branches:
Dungeon (4/15)
 Temple: D:4-7

Altars:

Shops:
D:1 *


Innate Abilities, Weirdness & Mutations

You are a tree.
Your roots penetrate the ground, keeping you stationary.
You cannot be teleported.
You are immune to unholy pain and torment.
Your maximum health is greatly increased.
Your equipment is partially melded.
((Your movements are slightly less encumbered by armour. (ER -2)))
Your body sometimes deteriorates upon taking damage.
Your muscles are strong. (Str +4, Int/Dex -1)
You expend magic power (3 MP) to strengthen your wands.


Message History

The ball python constricts you. You block the adder's attack.
Unknown command.
You feel very mighty all of a sudden. The endoplasm completely misses you.
You block the ball python's attack. The ball python constricts you.
Something claws you! The adder bites you but does no damage.
You barely miss the ball python. You slash the endoplasm!
You kill the endoplasm!
You barely miss something. You slash the adder! You block the adder's attack.
The ball python bites you but does no damage.
The ball python constricts you.
The white imp sputters.
The white imp gestures at you.
The puff of frost hits something!
Something claws you. The adder bites you but does no damage.
You block the ball python's attack. The ball python constricts you.
* * * LOW HITPOINT WARNING * * *
The hobgoblin hits you but does no damage.
Something claws you.
* * * LOW HITPOINT WARNING * * *
It was a potion of lignification.
You turn into a tree.
Your +0 scale mail melds into your body.
Your roots penetrate the ground.
The adder bites you but does no damage. The ball python bites you.
* * * LOW HITPOINT WARNING * * *
The ball python constricts you. You block the hobgoblin's attack.
The white imp gestures at you.
The puff of frost hits something!
Reactivating autopickup.
The white imp disappears in a puff of smoke!
It was a potion of mutation.
You feel extremely strange.
You feel yourself wasting away.
You feel your magical essence link to the dungeon's wands.
You feel stronger. You block the adder's attack.
The ball python bites you but does no damage.
The ball python constricts you.
* * * LOW HITPOINT WARNING * * *
The hobgoblin hits you.
You die...

##!...>#..)....
#..............
.....$.........
...............
.....?.........
...............
......gS.......
......†♣.....!(
#......S.......
##.....#.....##
###### ######


You could see an adder, a hobgoblin and a ball python.

Vanquished Creatures
  A gnoll (D:1)
  An adder (D:2)
  A dart slug (D:1)
  A bat (D:1)
  4 endoplasms
  A giant cockroach (D:1)
  6 goblins
  3 hobgoblins
  8 jackals
  A quokka (D:2)
  3 ball pythons
  A frilled lizard (D:1)
  5 kobolds
  4 rats
40 creatures vanquished.

Vanquished Creatures (others)
  Natasha (D:3)
1 creature vanquished.

Grand Total: 41 creatures vanquished

Notes
Turn   | Place    | Note
-------+----------+-------------------------------------------
     0 | D:1      | jlumianski the Demonspawn Fighter began the quest for the
                  | Orb.
     0 | D:1      | Reached XP level 1. HP: 18/18 MP: 1/1
   122 | D:1      | Gained mutation: Your movements are slightly less
                  | encumbered by armour. (ER -2) [demonic ancestry]
   122 | D:1      | Reached XP level 2. HP: 22/24 MP: 2/2
   345 | D:1      | Found Mayhyah's Assorted Antiques.
   355 | D:1      | Reached XP level 3. HP: 14/29 MP: 3/3
   381 | D:1      | Bought a scroll labelled LINKAD ULE for 27 gold pieces
  1496 | D:3      | Noticed Natasha
  1509 | D:3      | Killed Natasha
  1510 | D:3      | Gained mutation: Your body sometimes deteriorates upon
                  | taking damage. [potion of mutation]
  1510 | D:3      | Gained mutation: You expend magic power (3 MP) to
                  | strengthen your wands. [potion of mutation]
  1510 | D:3      | Gained mutation: Your muscles are strong. (Str +4, Int/Dex
                  | -1) [potion of mutation]
  1510 | D:3      | HP: 2/43 [constriction (1)]
  1510 | D:3      | Slain by a hobgoblin

Illustrated notes

Levels and vault maps discovered:
D:1:      dpeg_arrival_signposts, layout_basic, serial_shops,
          nicolae_shop_trees, minmay_misc_feat_chi
D:2:      layout_rooms, nicolae_figureground_sparkle
D:3:      layout_rooms, uniq_natasha
D:4:      layout_cave_pods, gammafunk_temple_overflow_pools,
          mainiacjoe_overflow_catwalk, minmay_temple_entry_glassed_door

Skill      XL: |  1  2  3 |
---------------+----------+-----
Axes           | 2 |  2.5
Armour         | 3 |  3.3
Fighting       | |  3.3
Dodging        | |  0.3
Stealth        | |  0.2
Shields        | |  2.9

Action                     || total
---------------------------++-------
  Melee: War axe           ||   104
  Throw: Stone             ||     3
    Use: Scroll            ||     6
         Potion            ||     3
 Armour: Scale mail        ||    69
         Skin              ||     2
  Dodge: Dodged            ||    51
  Block: Buckler           ||    36

Table legend: (Time is in decaauts)
 A = Elapsed time spent in this place.
 B = Non-inter-level travel time spent in this place.
 C = Inter-level travel time spent in this place.
 D = Time resting spent in this place.
 E = Time spent auto-exploring this place.
 F = Levels seen in this place.
 G = Mean time per level.
                   A        B        C        D        E       F      G
               +--------+--------+--------+--------+--------+-----+--------+
         Total |   1559 |   1559 |      0 |     47 |    833 |   4 |  389.8 |
       Dungeon |   1559 |   1559 |      0 |     47 |    833 |   4 |  389.8 |
               +--------+--------+--------+--------+--------+-----+--------+

Top non-repeatable levels by time:
     D:1: 859 daAuts
     D:2: 548 daAuts
     D:3: 78 daAuts
     D:4: 73 daAuts
